 Dungeon Crawl Stone Soup version 0.29.1-4-g47bece8355 (webtiles) character file.

Game seed: 5267491694539920197

12 ChadusMaximus the Caller (level 2, -4/19 HPs)
             Began as a Human Summoner on Dec 8, 2022.
             Slain by a quokka (5 damage)
             ... on level 1 of the Dungeon.
             The game lasted 00:00:57 (679 turns).

ChadusMaximus the Caller (Human Summoner)            Turns: 679, Time: 00:00:57

Health: -4/19      AC:  2    Str:  8    XL:     2   Next: 45%
Magic:  2/5        EV: 12    Int: 15    God:
Gold:   21         SH:  0    Dex: 13    Spells: 4/5 levels left

rFire   . . .      SeeInvis .   d - +0 whip
rCold   . . .      Faith    .   (no shield)
rNeg    . . .      Spirit   .   a - +0 robe
rPois   .          Reflect  .   (no helmet)
rElec   .          Harm     .   (no cloak)
rCorr   .          Rampage  .   (no gloves)
Will    .....                   (no boots)
Stlth   ++........              (no amulet)
HPRegen 0.06/turn               (no ring)
MPRegen 0.09/turn               (no ring)

@: no status effects
A: no striking features
a: no special abilities


You were on level 1 of the Dungeon.
You visited 1 branch of the dungeon, and saw 1 of its levels.

You collected 21 gold pieces.

Inventory:

Hand Weapons
 d - a +0 whip (weapon)
Armour
 a - a +0 robe (worn)
Scrolls
 c - 2 scrolls of identify {unknown}
 e - a scroll of amnesia {unknown}
Potions
 b - a potion of magic


   Skills:
 - Level 2.1 Dodging
 - Level 2.1 Stealth
 + Level 2.2 Spellcasting
 * Level 4.2 Summonings


You had 4 spell levels left.
You knew the following spells:

 Your Spells              Type           Power      Damage    Failure   Level
a - Summon Small Mammal   Summ           56%        N/A       3%          1

Your spell library contained the following spells:

 Spells                   Type           Power      Damage    Failure   Level
 Call Imp                 Summ           14%        N/A       6%          2
 Call Canine Familiar     Summ           14%        N/A       12%         3
 Apportation              Tloc           2%         N/A       22%         1
 Summon Guardian Golem    Hex/Summ       8%         N/A       26%         3
 Summon Lightning Spire   Summ/Air       8%         N/A       65%         4
 Alistair's Intoxication  Tmut/Pois      0%         N/A       99%         5


Dungeon Overview and Level Annotations

Branches:
Dungeon (1/15)

Altars:


Message History

You barely miss the quokka. The quokka bites you.
You barely miss the quokka. The quokka bites you. The quokka barely misses you.
You are too injured to fight recklessly!
Casting: Summon Small Mammal (safe; 3% risk of failure)
Confirm with . or Enter, or press ? or * to list all spells.
The quokka bites you.
Casting: Summon Small Mammal (safe; 3% risk of failure)
Confirm with . or Enter, or press ? or * to list all spells.
The quokka bites you but does no damage.
Your bat closely misses the quokka.
The quokka closely misses your bat. The quokka closely misses your rat.
Your bat closely misses the quokka.
The quokka misses your rat.
Your rat bites the quokka.
The quokka completely misses your rat.
Your bat misses the quokka.
Your rat barely misses the quokka.
Your bat hits the quokka but does no damage. x2
The quokka misses your bat.
Your rat barely misses the quokka.
Your bat misses the quokka. The quokka bites your rat.
Your rat dies!
Your rat's corpse disappears in a puff of smoke!
Your bat barely misses the quokka.
Casting: Summon Small Mammal (safe; 3% risk of failure)
Confirm with . or Enter, or press ? or * to list all spells.
Your bat completely misses the quokka.
The quokka bites you.
The quokka twitches its whiskers.
The quokka bites you.
* * * LOW HITPOINT WARNING * * *
The quokka attacks as you move away! The quokka barely misses you.
Your bat hits the quokka but does no damage. x2
Your bat misses the quokka.
Your bat closely misses the quokka. x2
There is an open door here.
Your bat misses the quokka. The quokka attacks as you move away!
The quokka barely misses you.
Your bat misses the quokka.
Your bat closely misses the quokka.
The quokka closely misses you.
Casting: Summon Small Mammal (safe; 3% risk of failure)
Confirm with . or Enter, or press ? or * to list all spells.
Your bat disappears in a puff of smoke!
Your bat closely misses the quokka.
The quokka bites you.
You die...

# . #. ##### ####### #.#
#.###...# #.....# #.#
#......?# #.....# #.#
#.......# #.....# #.#
#.......# #.....# #.#
#)..######.....###.#
+...'br@r'........>#####
#...######..............
##### #.....###.#####
#.....# #....†.
##'######.#####
#........# ###########.#
#........#..#####
#.###..#.#.......


You could see a quokka (ally target), a friendly bat (summoned) and a friendly
rat (summoned).

Vanquished Creatures
  2 bats (D:1)
  An endoplasm (D:1)
  2 goblins (D:1)
  A jackal (D:1)
  A kobold (D:1)
  A rat (D:1)
8 creatures vanquished.

Vanquished Creatures (collateral kills)
  2 jackals (D:1)
  A bat (D:1)
3 creatures vanquished.

Grand Total: 11 creatures vanquished

Notes
Turn   | Place    | Note
-------+----------+-------------------------------------------
     0 | D:1      | ChadusMaximus the Human Summoner began the quest for the
                  | Orb.
     0 | D:1      | Reached XP level 1. HP: 13/13 MP: 3/3
   268 | D:1      | Reached XP level 2. HP: 3/19 MP: 3/5
   559 | D:1      | Found a faded altar of an unknown god.
   679 | D:1      | Slain by a quokka

Illustrated notes

Levels and vault maps discovered:
D:1:      minmay_arrival_loop, layout_basic, ebering_ecumenical_altar_rust

Action                   || total
-------------------------++-------
Melee: Whip              ||    27
       Unarmed           ||     1
 Cast: Summon Small Mamm ||    12
 Stab: Sleeping          ||     2
Armor: Robe              ||    11
Dodge: Dodged            ||    35
